AoeStats
← Rainbow Pirate

Nomad

503454627Analyzed
2v2 RM · 1mo ago on Aug 31, 2026· 42m 39s· 4 players
Game mode
Random Map
Map size
176×176
Population
200
Speed
Normal
Resources
Standard
Victory
Conquest
Starting age
Dark Age
Ending age
Imperial Age
RankedLock teamsTeams togetherTeam positionsShared explorationLock speedFull tech treeHidden civsTurbo modeCheats
Victory
Defeat
🇸🇰 Persians · Slovakia
1048
+14
🇸🇰 Britons · Slovakia
1030
+15
🇬🇧 Huns · United Kingdom
1017
-15
🇬🇧 Vietnamese · United Kingdom
994
-14
Rainbow Pirate
5:56 Loom
13:33 Feudal Age
18:39 Double-Bit Axe
24:06 Horse Collar
25:02 Fletching
25:39 Forging
32:22 Castle Age
32:27 Crossbowman
33:21 Bodkin Arrow
33:42 Padded Archer Armor
34:20 Fishing Lines
37:40 Leather Archer Armor
38:10 Iron Casting
38:19 Bow Saw
Leasdon
7:20 Loom
14:19 Feudal Age
18:24 Bloodlines
27:18 Castle Age
27:29 Fletching
27:39 Padded Archer Armor
29:35 Thumb Ring
32:22 Double-Bit Axe
35:28 Ballistics
39:13 Bodkin Arrow
40:55 Leather Archer Armor
SCH0N
6:24 Loom
12:50 Feudal Age
20:03 Double-Bit Axe
25:47 Castle Age
25:16 Fletching
39:13 Town Watch
39:18 Horse Collar
40:25 Gold Mining
Sylvanas Windrunner
3:04 Loom
15:32 Feudal Age
16:03 Double-Bit Axe
16:31 Fishing Lines
21:49 Castle Age
20:52 Wheelbarrow
24:42 Forging
24:22 Pikeman
25:15 Gillnets
28:58 Imperial Age
26:56 Bow Saw
28:02 Fletching
28:13 Padded Archer Armor
32:30 Horse Collar
33:33 Heavy Plow
34:05 Ballistics
33:49 Gold Mining
33:52 Stone Mining
35:13 Bodkin Arrow
35:34 Leather Archer Armor
35:45 Clinker Construction
35:21 Crossbowman
36:06 Scale Mail Armor
36:58 Conscription
37:08 Hand Cart
36:43 Town Watch
39:00 Bracer
39:31 Ring Archer Armor
39:44 Gold Shaft Mining
41:20 Two-Man Saw
42:21 Chemistry
41:37 Light Cavalry
42:26 Scale Barding Armor
42:56 Iron Casting
42:28 Elite Longbowman
Connection lost

Rejoining the realm…

Still unreachable

The connection could not be restored.

Session expired

The server has moved on; the page needs a fresh start.